[Event "51st Belgrade WGM 2019"]
[Site "Belgrade"]
[Date "2019.03.19"]
[Round "3.1"]
[White "Dimitrova, Aleksandra"]
[Black "Strutinskaia, Galina"]
[Result "1-0"]
[ECO "B56"]
[WhiteElo "2259"]
[BlackElo "2225"]
[Annotator "NA"]
[PlyCount "111"]
[EventDate "2019.03.17"]
[EventType "tourn"]
[EventCountry "SRB"]
[SourceTitle "playchess.com"]
[Source "ChessBase"]
[SourceQuality "1"]
[TimeControl "40/5400+30:1800+30"]

1. e4 c5 2. Nf3 d6 3. d4 cxd4 4. Nxd4 Nf6 5. Nc3 a6 6. Nb3 Nc6 7. Be3 {[%emt 0:00:57] B56: Classical Sicilian: Unusual Lines} e6 (7... g6 8. Nd5 Nxd5 9. exd5 Ne5 10. Bd4 Bh6 11. Be2 O-O 12. O-O b5 13. a4 b4 14. c3 Bb7 15. cxb4 Bxd5 {0-1 (29) Anand,V (2776)-Vachier Lagrave,M (2811) Bastia 2016}) 8. g4 Be7 9. g5 Nd7 10. f4 b5 11. Bd3 $146 ({Predecessor:} 11. Bg2 Bb7 12. O-O O-O 13. Qh5 Qc7 14. f5 Nce5 15. Nd4 exf5 16. Nxf5 {1-0 (24) Badmatsyrenov,O (2454)-Kopylov,A (1716) Ekaterinburg 2018}) 11... Bb7 12. Qg4 Nb6 13. O-O-O Qc7 14. Rhe1 Nb4 15. Kb1 Na4 16. Bd2 Nxd3 17. cxd3 Nc5 18. Nxc5 dxc5 19. f5 Qd7 20. Be3 b4 21. Ne2 e5 22. Qg1 c4 23. dxc4 Bxe4+ 24. Ka1 Qc6 25. Ng3 Bf3 26. Rd2 b3 27. c5 f6 28. gxf6 Bxf6 29. Rd6 Qa4 30. a3 Kf7 31. Qf2 e4 32. Bd4 Rhe8 33. Bxf6 gxf6 34. Qd2 e3 35. Rxe3 Qf4 36. Rxb3 Qxd2 37. Rxd2 Bc6 38. Rb6 Bb5 39. Rdd6 Re5 40. Rxf6+ Kg8 41. b4 Re3 42. Kb2 Bc4 43. c6 Rc8 44. a4 h5 45. Rg6+ Kf8 $18 46. Nxh5 Rb3+ 47. Kc2 Rh3 48. Nf4 Rxh2+ 49. Kc3 Bf7 50. Ne6+ Ke8 51. Rg7 Rh5 52. Ng5 Bd5 53. c7 Rh4 54. Kd3 Rc4 55. Rh6 Kf8 56. f6 1-0

[Event "51st Belgrade WGM 2019"]
[Site "Belgrade"]
[Date "2019.03.19"]
[Round "3.4"]
[White "Drljevic, Ljilja"]
[Black "Benderac, Ana"]
[Result "1/2-1/2"]
[ECO "B08"]
[WhiteElo "2188"]
[BlackElo "2204"]
[Annotator "NA"]
[PlyCount "23"]
[EventDate "2019.03.17"]
[EventType "tourn"]
[EventCountry "SRB"]
[SourceTitle "playchess.com"]
[Source "ChessBase"]
[SourceQuality "1"]
[TimeControl "40/5400+30:1800+30"]

1. e4 d6 2. d4 Nf6 3. Nc3 c6 4. Nf3 g6 5. h3 Bg7 6. Be2 O-O 7. O-O Qc7 8. a4 a5 9. Be3 Na6 10. Qd2 Nb4 11. Rad1 Re8 12. Rfe1 1/2-1/2

[Event "51st Belgrade WGM 2019"]
[Site "Belgrade"]
[Date "2019.03.19"]
[Round "3.5"]
[White "Srdanovic, Jovana"]
[Black "Prudnikova, Svetlana"]
[Result "0-1"]
[ECO "A61"]
[WhiteElo "2077"]
[BlackElo "2233"]
[Annotator "NA"]
[PlyCount "86"]
[EventDate "2019.03.17"]
[EventType "tourn"]
[EventCountry "SRB"]
[SourceTitle "playchess.com"]
[Source "ChessBase"]
[SourceQuality "1"]
[TimeControl "40/5400+30:1800+30"]

1. d4 Nf6 2. c4 e6 3. Nc3 c5 4. d5 exd5 5. cxd5 d6 6. Bf4 g6 7. Nf3 Bg7 8. e3 {[%emt 0:00:23] A61: Modern Benoni: Nf3 without early e4} (8. Qa4+ Bd7 9. Qb3 Qc7 10. e4 O-O 11. Be2 a6 12. a4 Bg4 13. h3 Bxf3 14. Bxf3 Nfd7 15. O-O Ne5 16. Be2 Nbd7 17. Be3 c4 18. Qa2 f5 19. f4 Nf7 20. exf5 {1-0 (74) Postny,E (2615)-Akopian,V (2650) St Petersburg 2018}) 8... O-O 9. Be2 Nh5 10. Bg5 f6 11. Bh4 g5 12. Nd2 gxh4 13. Bxh5 f5 14. Be2 $146 ({Predecessor:} 14. f4 Nd7 15. Qc2 Nf6 {0-1 (36) Andreasen,J (2215)-Thybo,J (2358) Denmark 2017}) 14... Nd7 15. h3 f4 16. e4 Ne5 17. Qc2 a6 18. Nf3 b5 19. a4 Bd7 20. O-O b4 21. Nb1 Qf6 22. Ra2 c4 23. b3 c3 24. Re1 Kh8 25. Nxe5 Qxe5 26. Bf3 a5 27. Qc1 Bf6 28. Kh2 Rg8 29. Rc2 Rg5 30. Qd1 Rc8 31. Qe2 Rcg8 32. Rg1 Qe8 33. Rcc1 Be5 34. Qc4 (34. Nd2 {only move.} cxd2 35. Qxd2) 34... Qb8 35. Kh1 Rc8 36. Qd3 $19 Rc7 37. Qc2 Bc8 38. Qe2 Rcg7 39. Kh2 Bd7 40. Qa6 Qg8 41. Qf1 Qc8 42. Qd3 Bxh3 43. Kh1 Qg8 0-1

[Event "51st Belgrade WGM 2019"]
[Site "Belgrade"]
[Date "2019.03.22"]
[Round "6.1"]
[White "Dimitrova, Aleksandra"]
[Black "Chelushkina, Irina"]
[Result "1/2-1/2"]
[ECO "B33"]
[WhiteElo "2259"]
[BlackElo "2277"]
[Annotator "NA"]
[PlyCount "53"]
[EventDate "2019.03.17"]
[EventType "tourn"]
[EventCountry "SRB"]
[SourceTitle "playchess.com"]
[Source "ChessBase"]
[SourceQuality "1"]
[TimeControl "40/5400+30:1800+30"]

1. e4 c5 2. Nf3 e6 3. d4 cxd4 4. Nxd4 Nf6 5. Nc3 Nc6 6. Ndb5 d6 7. Bf4 e5 8. Bg5 a6 9. Na3 b5 10. Nd5 Be7 11. Bxf6 Bxf6 12. c3 Bg5 13. Nc2 O-O 14. a4 bxa4 15. Rxa4 a5 16. Bc4 Rb8 17. b3 Kh8 18. h4 Bh6 19. g4 Bf4 20. Nce3 Bd7 21. Ra2 Be6 22. Kf1 Ne7 23. Nxe7 Qxe7 24. Nd5 Qd7 25. f3 h5 26. Rg1 Qd8 27. g5 1/2-1/2

[Event "51st Belgrade WGM 2019"]
[Site "Belgrade"]
[Date "2019.03.22"]
[Round "6.2"]
[White "Djukic, Sandra"]
[Black "Drljevic, Ljilja"]
[Result "1/2-1/2"]
[ECO "D36"]
[WhiteElo "2157"]
[BlackElo "2188"]
[Annotator "NA"]
[PlyCount "21"]
[EventDate "2019.03.17"]
[EventType "tourn"]
[EventCountry "SRB"]
[SourceTitle "playchess.com"]
[Source "ChessBase"]
[SourceQuality "1"]
[TimeControl "40/5400+30:1800+30"]

1. d4 d5 2. c4 e6 3. Nc3 Nf6 4. Nf3 Be7 5. cxd5 exd5 6. Bg5 O-O 7. e3 c6 8. Qc2 h6 9. Bh4 Ne4 10. Bxe7 Qxe7 11. Ng1 1/2-1/2

[Event "51st Belgrade WGM 2019"]
[Site "Belgrade"]
[Date "2019.03.22"]
[Round "6.3"]
[White "Strutinskaia, Galina"]
[Black "Srdanovic, Jovana"]
[Result "1-0"]
[ECO "E70"]
[WhiteElo "2225"]
[BlackElo "2077"]
[Annotator "NA"]
[PlyCount "65"]
[EventDate "2019.03.17"]
[EventType "tourn"]
[EventCountry "SRB"]
[SourceTitle "playchess.com"]
[Source "ChessBase"]
[SourceQuality "1"]
[TimeControl "40/5400+30:1800+30"]

1. c4 g6 2. d4 Bg7 3. Nc3 Nf6 4. e4 d6 5. Bd3 O-O 6. Nge2 e5 7. d5 Nbd7 8. O-O Nc5 9. Bc2 a5 10. Rb1 Ne8 11. a3 f5 12. exf5 gxf5 13. f4 e4 14. Be3 Nf6 15. h3 Qe7 16. Nd4 Kh8 17. b4 axb4 18. axb4 Ra3 19. Ndb5 Rxc3 20. Nxc3 Ncd7 21. Nb5 Nb8 22. c5 Na6 23. cxd6 cxd6 24. Qd2 Bd7 25. Na7 Nc7 26. Bb3 Qf7 27. Rfd1 Ra8 28. Rbc1 Nb5 29. Nxb5 Bxb5 30. Ra1 Rg8 31. Ra7 Ba6 32. Rc1 Re8 33. Ba4 1-0

[Event "51st Belgrade WGM 2019"]
[Site "Belgrade"]
[Date "2019.03.22"]
[Round "6.4"]
[White "Voiska, Margarita"]
[Black "Prudnikova, Svetlana"]
[Result "1/2-1/2"]
[ECO "D35"]
[WhiteElo "2203"]
[BlackElo "2233"]
[Annotator "NA"]
[PlyCount "22"]
[EventDate "2019.03.17"]
[EventType "tourn"]
[EventCountry "SRB"]
[SourceTitle "playchess.com"]
[Source "ChessBase"]
[SourceQuality "1"]
[TimeControl "40/5400+30:1800+30"]

1. d4 d5 2. c4 e6 3. Nf3 Nf6 4. cxd5 exd5 5. Nc3 c6 6. Bg5 Be7 7. e3 Bf5 8. Bd3 Bxd3 9. Qxd3 Nbd7 10. O-O O-O 11. Rab1 Re8 1/2-1/2

[Event "51st Belgrade WGM 2019"]
[Site "Belgrade"]
[Date "2019.03.22"]
[Round "6.5"]
[White "Michelle Catherina, P."]
[Black "Benderac, Ana"]
[Result "1-0"]
[ECO "B90"]
[WhiteElo "2175"]
[BlackElo "2204"]
[Annotator "NA"]
[PlyCount "41"]
[EventDate "2019.03.17"]
[EventType "tourn"]
[EventCountry "SRB"]
[SourceTitle "playchess.com"]
[Source "ChessBase"]
[SourceQuality "1"]
[TimeControl "40/5400+30:1800+30"]

1. e4 c5 2. Nf3 d6 3. d4 cxd4 4. Nxd4 Nf6 5. Nc3 a6 6. h3 e5 7. Nb3 Be6 8. f4 Qc7 9. f5 Bc4 10. g4 h6 11. Be3 Nbd7 12. Bg2 b5 13. a3 Rc8 14. Nd2 d5 15. exd5 b4 16. d6 Qxd6 17. axb4 Bd5 18. Bxd5 Nxd5 19. Nde4 N5f6 20. Nd2 Rxc3 21. bxc3 1-0

[Event "51st Belgrade WGM 2019"]
[Site "Belgrade"]
[Date "2019.03.23"]
[Round "7.1"]
[White "Drljevic, Ljilja"]
[Black "Dimitrova, Aleksandra"]
[Result "0-1"]
[ECO "A07"]
[WhiteElo "2188"]
[BlackElo "2259"]
[Annotator "NA"]
[PlyCount "84"]
[EventDate "2019.03.17"]
[EventType "tourn"]
[EventCountry "SRB"]
[SourceTitle "playchess.com"]
[Source "ChessBase"]
[SourceQuality "1"]
[TimeControl "40/5400+30:1800+30"]

1. g3 d5 2. Bg2 c6 3. Nf3 Bg4 4. O-O Nd7 5. c4 {[%emt 0:01:19] A07: Réti Opening: New York and Capablanca Systems} Bxf3 6. exf3 dxc4 7. d3 $146 ({Predecessor:} 7. Qe2 Nb6 8. Rd1 Qd3 9. Qe1 Nf6 10. a4 e6 11. a5 Nbd5 12. Na3 Bc5 {0-1 (29) Khismatullin,D (2617)-Vitiugov,N (2721) Sochi 2016}) 7... cxd3 8. Qxd3 e6 9. Rd1 Ngf6 10. Nc3 Be7 11. f4 g6 12. b4 Nd5 13. Nxd5 cxd5 14. f5 Bf6 15. fxe6 fxe6 16. Rb1 O-O 17. h4 Rf7 18. Bh6 Bg7 19. Bg5 Qf8 20. Qe2 Re8 21. Rbc1 Ne5 22. Be3 b6 23. a3 Nc4 24. Rd3 Bh6 25. Bxh6 Qxh6 26. Re1 Rfe7 27. Bh3 Qg7 28. f4 b5 29. Qf2 a6 30. Re2 Qa1+ 31. Kh2 Qf6 32. Qf3 Kg7 33. Bg2 Rd8 34. Qf2 d4 35. Qe1 e5 36. Re4 Rde8 37. fxe5 Nxe5 38. Rdxd4 {[%emt 0:00:37] [#]} Ng4+ $19 {[%emt 0:00:30] Pin} 39. Kh1 Nf2+ 40. Kh2 Nxe4 41. Rxe4 Rxe4 42. Bxe4 Qd4 0-1

[Event "51st Belgrade WGM 2019"]
[Site "Belgrade"]
[Date "2019.03.24"]
[Round "8.2"]
[White "Chelushkina, Irina"]
[Black "Michelle Catherina, P."]
[Result "0-1"]
[ECO "C44"]
[WhiteElo "2277"]
[BlackElo "2175"]
[Annotator "NA"]
[PlyCount "58"]
[EventDate "2019.03.17"]
[EventType "tourn"]
[EventCountry "SRB"]
[SourceTitle "playchess.com"]
[Source "ChessBase"]
[SourceQuality "1"]
[TimeControl "40/5400+30:1800+30"]

1. e4 e5 2. Nf3 Nc6 3. d3 g6 4. Be2 Bg7 5. O-O Nge7 6. c3 O-O 7. a4 a5 8. Na3 d5 9. Nb5 h6 10. Be3 Be6 11. Qc1 Kh7 12. Nd2 f5 13. f3 Qd7 14. Bf2 Rad8 15. c4 dxe4 16. fxe4 Nb4 17. Nb3 b6 18. Rd1 fxe4 19. dxe4 Qc6 20. Rxd8 Rxd8 21. Qf1 Ng8 22. Rc1 Nf6 23. h3 Nxe4 24. Bf3 Nd3 25. Rc2 Ndxf2 26. Qxf2 Rd1+ 27. Kh2 Rh1+ 28. Kxh1 Nxf2+ 29. Rxf2 e4 0-1

[Event "51st Belgrade WGM 2019"]
[Site "Belgrade"]
[Date "2019.03.24"]
[Round "8.3"]
[White "Srdanovic, Jovana"]
[Black "Djukic, Sandra"]
[Result "1/2-1/2"]
[ECO "E46"]
[WhiteElo "2077"]
[BlackElo "2157"]
[Annotator "NA"]
[PlyCount "93"]
[EventDate "2019.03.17"]
[EventType "tourn"]
[EventCountry "SRB"]
[SourceTitle "playchess.com"]
[Source "ChessBase"]
[SourceQuality "1"]
[TimeControl "40/5400+30:1800+30"]

1. d4 Nf6 2. c4 e6 3. Nc3 Bb4 4. e3 O-O 5. Nge2 Re8 6. a3 Bf8 7. Ng3 d5 8. Be2 dxc4 9. Bxc4 c5 10. O-O cxd4 11. exd4 Nc6 12. Be3 a6 13. Ba2 Bd6 14. Rc1 Bc7 15. d5 exd5 16. Nxd5 Nxd5 17. Bxd5 Qf6 18. Qb3 Be5 19. Ne4 Qg6 20. Ng5 Nd8 21. Qa4 Rf8 22. Qb3 h6 23. Nf3 Bf6 24. Rc7 Ne6 25. Bxe6 Bxe6 26. Qxb7 Rab8 27. Qxa6 Bd5 28. Ne1 Rxb2 29. Qd6 Qe4 30. Qf4 Qg6 31. Qg3 Qxg3 32. hxg3 Ra8 33. Nf3 Bxf3 34. gxf3 Rb3 35. Rd1 Be5 36. Re7 Bf6 37. Rc7 Be5 38. Re7 Bf6 39. Rc7 Rbxa3 40. Kg2 Re8 41. Rdd7 Ra2 42. Ba7 Be5 43. Rb7 f5 44. f4 Bf6 45. Rb5 Ra8 46. Be3 R2a5 47. Rdd5 1/2-1/2

[Event "51st Belgrade WGM 2019"]
[Site "Belgrade"]
[Date "2019.03.24"]
[Round "8.4"]
[White "Prudnikova, Svetlana"]
[Black "Strutinskaia, Galina"]
[Result "1/2-1/2"]
[ECO "D02"]
[WhiteElo "2233"]
[BlackElo "2225"]
[Annotator "NA"]
[PlyCount "25"]
[EventDate "2019.03.17"]
[EventType "tourn"]
[EventCountry "SRB"]
[SourceTitle "playchess.com"]
[Source "ChessBase"]
[SourceQuality "1"]
[TimeControl "40/5400+30:1800+30"]

1. d4 Nf6 2. g3 d5 3. Bg2 c6 4. Nf3 Bf5 5. O-O e6 6. b3 Nbd7 7. Bb2 b5 8. Nbd2 h6 9. c4 Be7 10. Ne5 Nxe5 11. dxe5 Nd7 12. cxb5 cxb5 13. e4 1/2-1/2

[Event "51st Belgrade WGM 2019"]
[Site "Belgrade"]
[Date "2019.03.24"]
[Round "8.5"]
[White "Strutinskaia, Galina"]
[Black "Benderac, Ana"]
[Result "0-1"]
[ECO "A13"]
[WhiteElo "2225"]
[BlackElo "2204"]
[Annotator "NA"]
[PlyCount "52"]
[EventDate "2019.03.17"]
[EventType "tourn"]
[EventCountry "SRB"]
[SourceTitle "playchess.com"]
[Source "ChessBase"]
[SourceQuality "1"]
[TimeControl "40/5400+30:1800+30"]

1. c4 Nf6 2. Nf3 e6 3. b3 d5 4. Bb2 Be7 5. e3 O-O 6. Be2 b6 7. O-O Bb7 8. Qc2 c5 9. cxd5 Nxd5 10. a3 Bf6 11. Nc3 Nxc3 12. dxc3 Nd7 13. Bd3 g6 14. Be4 Bxe4 15. Qxe4 Qc7 16. Nd2 Rfd8 17. f4 c4 18. Qxc4 Qxc4 19. Nxc4 Nc5 20. Rad1 Nxb3 21. e4 Be7 22. Rfe1 Rac8 23. Rxd8+ Rxd8 24. a4 Nd2 25. Ba3 Bh4 26. g3 Nxc4 0-1

[Event "51st Belgrade WGM 2019"]
[Site "Belgrade"]
[Date "2019.03.24"]
[Round "8.5"]
[White "Benderac, Ana"]
[Black "Voiska, Margarita"]
[Result "1/2-1/2"]
[ECO "A46"]
[WhiteElo "2204"]
[BlackElo "2203"]
[Annotator "NA"]
[PlyCount "20"]
[EventDate "2019.03.17"]
[EventType "tourn"]
[EventCountry "SRB"]
[SourceTitle "playchess.com"]
[Source "ChessBase"]
[SourceQuality "1"]
[TimeControl "40/5400+30:1800+30"]

1. d4 d5 2. Nf3 Nf6 3. e3 c5 4. Be2 Nc6 5. O-O e6 6. dxc5 Bxc5 7. c4 O-O 8. Nc3 dxc4 9. Bxc4 Qxd1 10. Rxd1 e5 1/2-1/2